 Dungeon Crawl Stone Soup version 0.31-a0-1074-g0b22e4e0f1 (webtiles) character file.

Game seed: 1371604958846468411

168183 wildpjah the Marksspriggan (level 17, -2/97 HPs)
             Began as a Spriggan Hunter on Dec 4, 2023.
             Was the Champion of Elyvilon.
             Slain by Agnes
             ... wielding a +1 lajatang of speed
              (25 damage)
             ... on level 14 of the Dungeon.
             The game lasted 01:29:49 (34256 turns).

wildpjah the Marksspriggan (Spriggan Hunter)       Turns: 34256, Time: 01:29:50

Health: -2/97      AC: 20    Str:  4    XL:     17   Next: 8%
Magic:  12/28      EV: 25    Int: 19    God:    Elyvilon [******]
Gold:   469        SH:  0    Dex: 26    Spells: 16/16 levels left

rFire   . . .        X - +2 arbalest (freeze)
rCold   . . .        (shield currently unavailable)
rNeg    . . .        x - quicksilver dragon scales
rPois   +            (helmet restricted)
rElec   .            P - +0 cloak
rCorr   .            (gloves unavailable)
SInv    +            (boots unavailable)
Will    +++..        m - amulet "Nuacep" {Acrobat Fragile MP+9 Str-3 Int+8}
Stlth   ++++         W - ring of poison resistance
HPRegen 0.36/turn    U - ring of the Tortoise {AC+8}
MPRegen 0.21/turn

%: acrobat
@: very quick
A: very small, no large weapons, unfitting armour, see invisible, speed 3
}: 1/15 runes: serpentine
a: Renounce Religion, Purification, Heal Other, Heal Self, Divine Vigour


You were on level 14 of the Dungeon.
You worshipped Elyvilon.
Elyvilon was exalted by your worship.
You visited 8 branches of the dungeon, and saw 29 of its levels.
You also visited: Sewer and Volcano.

You collected 2470 gold pieces.
You spent 2001 gold pieces at shops.

Inventory:

Hand Weapons
 c - a +0 arbalest of freezing
 o - a +1 hand cannon of flaming
 q - a +0 hand cannon of flaming
 X - a +2 arbalest of freezing (weapon)
Armour
 x - quicksilver dragon scales (worn)
 O - +1 steam dragon scales
 P - a +0 cloak (worn)
 S - +0 acid dragon scales
Jewellery
 d - a +4 ring of protection
 m - the amulet "Nuacep" (around neck) {Acrobat Fragile MP+9 Str-3 Int+8}
   (You bought it in a shop on level 3 of the Snake Pit)

   [amulet of the acrobat]

   Acrobat:   It increases your evasion while moving and waiting.
   Str-3:     It affects your strength (-3).
   Int+8:     It affects your intelligence (+8).
   MP+9:      It affects your magic capacity (+9).
   Fragile:   It will be destroyed if unequipped.
 p - the ring "Qiygri" {rElec rN+ Dex-3 SInv}
   (You bought it in a shop on level 3 of the Snake Pit)

   [ring of see invisible]

   Dex-3:     It affects your dexterity (-3).
   rElec:     It insulates you from electricity.
   rN+:       It protects you from negative energy.
   SInv:      It lets you see invisible.
 F - a ring of protection from fire
 J - a +4 ring of protection
 N - a ring of protection from cold
 R - a ring of protection from fire
 U - the ring of the Tortoise (right hand) {AC+8}
   (You found it on level 5 of the Lair of Beasts)

   [ring of protection]

   AC+8:      It affects your AC (+8).
 V - the amulet of the Good {RegenMP *Slow Str+5}
   (You found it on level 13 of the Dungeon)

   [amulet of magic regeneration]

   RegenMP:   It increases your rate of magic regeneration.
   Str+5:     It affects your strength (+5).
   *Slow:     It may slow you when you take damage.
 W - a ring of poison resistance (left hand)
 Y - a ring of magical power
 Z - the ring "Esadih" {Ice Str+3 SInv}
   (You found it on level 13 of the Dungeon)

   [ring of ice]

   Ice:       It enhances your ice magic.
   Str+3:     It affects your strength (+3).
   rF-:       It makes you vulnerable to fire.
   rC+:       It protects you from cold.
   SInv:      It lets you see invisible.
Wands
 w - a wand of paralysis (5)
 z - a wand of polymorph (16)
 A - a wand of roots (7)
 C - a wand of acid (11)
 G - a wand of digging (5)
 K - a wand of flame (11)
Scrolls
 b - 5 scrolls of butterflies
 g - 2 scrolls of silence
 h - 6 scrolls of fear
 k - 8 scrolls of teleportation
 l - 5 scrolls of poison
 n - a scroll of blinking
 r - 12 scrolls of identify
 t - 5 scrolls of vulnerability
 y - 2 scrolls of immolation
 L - 4 scrolls of fog
 T - 2 scrolls of enchant armour
Potions
 a - a potion of invisibility {unknown}
 e - 8 potions of mutation
 f - 4 potions of magic
 i - 9 potions of curing
 j - 4 potions of haste
 s - a potion of resistance
 u - 4 potions of attraction
 v - 3 potions of berserk rage
 B - a potion of ambrosia
 D - 2 potions of brilliance
 E - 3 potions of heal wounds
 H - 4 potions of lignification
 I - 4 potions of might {unknown}
 M - 2 potions of cancellation
 Q - 3 potions of enlightenment


   Skills:
 + Level 14.0 Fighting
 + Level 20.5 Ranged Weapons
 + Level 5.9 Armour
 * Level 18.9 Dodging
 * Level 9.5 Stealth
 + Level 2.1 Invocations
 + Level 1.1 Evocations


You had 16 spell levels left.
You didn't know any spells.
Your spell library contained the following spells:

 Spells                   Type           Power      Damage    Failure   Level
 Apportation              Tloc           0%         N/A       69%         1
 Freeze                   Ice            0%         1d3       69%         1
 Necrotise                Necr           0%         1d4       69%         1
 Slow                     Hex            0%         N/A       69%         1
 Summon Small Mammal      Summ           0%         N/A       69%         1
 Lesser Beckoning         Tloc           0%         N/A       83%         2
 Momentum Strike          Conj/Tloc      0%         3d8       83%         2
 Sublimation of Blood     Necr           0%         N/A       83%         2
 Wereblood                Tmut           0%         N/A       83%         2
 Confusing Touch          Hex            0%         N/A       96%         3
 Frozen Ramparts          Ice            0%         1d1       96%         3
 Gell's Gravitas          Tloc           0%         N/A       96%         3
 Hailstorm                Conj/Ice       0%         3d3       96%         3
 Ozocubu's Armour         Ice            0%         N/A       96%         3
 Sigil of Binding         Hex            0%         N/A       96%         3
 Summon Guardian Golem    Hex/Summ       0%         N/A       96%         3
 Teleport Other           Tloc           0%         N/A       96%         3
 Vampiric Draining        Necr           0%         2d6       96%         3
 Volatile Blastmotes      Fire/Tloc      0%         2d10      96%         3
 Fulminant Prism          Conj/Hex       0%         3d5       100%        4
 Iskenderun's Mystic Bla  Conj/Tloc      0%         2d3       100%        4
 Iskenderun's Battlesphe  Conj           0%         2d6       100%        5
 Orb of Destruction       Conj           0%         9d5       100%        7
 Spellforged Servitor     Conj/Summ      0%         N/A       100%        7
 Summon Hydra             Summ           0%         N/A       100%        7


Dungeon Overview and Level Annotations

Branches:
Dungeon (14/15)            Temple (1/1) D:7            Lair (5/5) D:10
 Shoals (1/4) Lair:2        Snake (4/4) Lair:3        Slime (1/5) Lair:4
    Orc (2/2) D:11            Elf (1/3) Orc:2        Vaults (0/5) D:13
  Sewer (visited)         Volcano (visited)

Altars:
Ashenzari
Cheibriados
Dithmenos
Elyvilon
Fedhas
Gozag
Hepliaklqana
Kikubaaqudgha
Makhleb
Nemelex Xobeh
Okawaru
Qazlal
Ru
Sif Muna
Trog
Uskayaw
Vehumet
Wu Jian
Xom
Yredelemnul
Zin
The Shining One

Shops:
D:1 (   Orc:2 ((*??:   Snake:3 (=**

Annotations:
D:3 Ijyb
D:8 Amaemon
D:12 2 transporters, RabbitInGlasses's ghost, journeyman MiBe
D:14 Agnes
Lair:5 exclusion: obsidian statue
Snake:2 Frances
Snake:3 2 transporters
Elf:1 1 runed translucent door, Asterion


Innate Abilities, Weirdness & Mutations

You are very small and have problems with some larger weapons.
You are too small for most types of armour.
You have supernaturally acute eyesight. (SInv)
You cover ground extremely quickly. (Speed+++)


Message History

The fire elemental barely misses you. Agnes misses you.
Unknown command.
You shoot a bolt. The bolt misses Agnes.
Agnes hits you but does no damage. The fire elemental barely misses you.
The fire elemental completely misses you.
The fire elemental hits you. The fire elemental burns you!
Agnes closely misses you.
The deep elf pyromancer gestures at you while chanting.
The sticky flame misses you.
The sticky flame hits the fire elemental.
The fire elemental completely resists.
The fire elemental misses you.
Agnes hits you with a +1 lajatang of speed!!
* * * LOW HITPOINT WARNING * * *
The fire elemental misses you.
The deep elf pyromancer casts a spell at you.
The bolt of fire hits you!! Elyvilon protects you from harm!
The bolt of fire misses the fire elemental.
The fire elemental misses you.
You are healed.
Agnes hits you with a +1 lajatang of speed.
Agnes hits you with a +1 lajatang of speed!
* * * LOW HITPOINT WARNING * * *
The fire elemental hits you. The fire elemental burns you!
* * * LOW HITPOINT WARNING * * *
The fire elemental closely misses you. x2; Agnes misses you.
The deep elf pyromancer completely misses you.
You are healed.
Agnes hits you with a +1 lajatang of speed.
The fire elemental hits you.
* * * LOW HITPOINT WARNING * * *
The fire elemental burns you!
* * * LOW HITPOINT WARNING * * *
The fire elemental completely misses you.
The fire elemental closely misses you. Agnes completely misses you.
The deep elf pyromancer hits you but does no damage.
The fire elemental barely misses you. x2
Agnes hits you with a +1 lajatang of speed!!
You die...
Agnes says, "May you follow the Path of Peace in your next life."

#......... #......#.
#....... #......#
#......# ###......####
#............ ##. #
##.##E@e...... #...
###.>..EiE...... ...
................ #.#
.................###..###
.....................)...
.^......##############)..
##....).....#....)%.....
#...#.####.#.##########
#.. #.. #.#<..#.......


You could see Agnes, a deep elf pyromancer and 3 fire elementals.

Vanquished Creatures
  Nikola (Snake:4)
  A quicksilver dragon (Snake:4)
  Aizul (Snake:1)
  Roxanne (Snake:1)
  4 nagarajas
  3 dire elephants (Lair:5)
  An ettin (D:11)
  Fannar (D:12)
  3 hydras
  4 vault guards (D:13)
  5 salamander tyrants (Snake:4)
  2 boulder beetles
  8 anacondas
  An ogre mage (Volcano)
  3 centaur warriors (D:14)
  2 catoblepae
  4 dancing weapons (Elf:1)
  2 death yaks (Lair:5)
  16 two-headed ogres
  11 naga sharpshooters
  6 shock serpents
  9 naga warriors
  10 orc high priests
  Sonja (Lair:1)
  2 tengu warriors
  A spectral dire elephant (Lair:5)
  A deep elf knight (Elf:1)
  A hell knight (Volcano)
  A salamander mystic (Snake:3)
  4 skeletal warriors (D:14)
  A spectral death yak (Lair:5)
  Nergalle (Orc:1)
  A skyshark (Lair:3)
  A sea snake (Lair:2)
  A spectral anaconda (Lair:5)
  2 naga ritualists
  A flayed ghost (D:13)
  A deep elf archer (Elf:1)
  4 necromancers (Lair:5)
  A lindwurm (Lair:2)
  6 mana vipers
  7 deep elf zephyrmancers
  8 deep elf pyromancers
  A harpy (shapeshifter) (Elf:1)
  A harpy (Shoals:1)
  An orc sorcerer (Orc:1)
  An ugly thing (D:10)
  An oklob plant (D:10)
  A manticore (D:12)
  5 salamanders
  8 cyclopes
  A faun (Shoals:1)
  16 elephants
  A dire elephant zombie (Lair:5)
  A torpor snail (Lair:5)
  32 black mambas
  5 guardian serpents (Snake:4)
  An unseen horror (D:11)
  2 gargoyles
  11 naga magi
  2 cane toads (shapeshifter)
  13 cane toads
  7 komodo dragons
  A tengu conjurer (D:13)
  A freezing wraith (D:14)
  5 kobold demonologists (D:13)
  7 trolls
  9 blink frogs
  A spectral elephant (Lair:5)
  2 snapping turtles (Shoals:1)
  A raiju (D:13)
  7 dream sheep (Lair:5)
  6 slime creatures
  Sigmund (D:6)
  A vampire (D:12)
  A centaur simulacrum (D:14)
  A dire elephant simulacrum (Lair:5)
  An air elemental (Elf:1)
  4 wraiths
  5 wyverns
  A water elemental (D:13)
  7 humans (D:13)
  44 yaks
  2 death yak simulacra (Lair:5)
  2 basilisks
  A steam dragon (D:9)
  An acid dragon (D:13)
  11 wargs
  3 swamp worms (Lair:3)
  44 nagas
  13 water moccasins
  3 hell hounds (D:13)
  2 ice beasts
  16 orc warriors
  2 sky beasts (D:7)
  2 black bears
  6 ogres
  3 elephant zombies (Lair:5)
  20 wolves
  11 centaurs
  2 elephant skeletons (Lair:5)
  7 kobold brigands
  9 bullfrogs
  11 gnoll sergeants
  22 wights
  3 killer bees (D:10)
  An elephant simulacrum (Lair:5)
  2 electric eels
  3 howler monkeys
  2 gnoll boudas
  Crazy Yiuf (D:5)
  A hound (D:5)
  5 jellies
  32 orc priests
  2 iguanas
  17 orc wizards
  10 adders
  20 gnolls
  2 shadow imps (D:6)
  4 worms
  4 dart slugs
  85 orcs
  23 ball pythons
  16 endoplasms
  3 giant cockroaches (Sewer)
  6 goblins
  8 hobgoblins
  11 jackals
  14 quokkas
  6 bats
  14 frilled lizards
  27 kobolds
  7 rats
884 creatures vanquished.

Vanquished Creatures (others)
  A vault guard (D:13)
  An orc warrior (Orc:1)
2 creatures vanquished.

Grand Total: 886 creatures vanquished

Notes
Turn   | Place    | Note
-------+----------+-------------------------------------------
     0 | D:1      | wildpjah the Spriggan Hunter began the quest for the Orb.
     0 | D:1      | Reached XP level 1. HP: 10/10 MP: 2/2
   118 | D:1      | Reached XP level 2. HP: 14/14 MP: 3/3
   205 | D:1      | Found Punlirot's Antique Weapon Boutique.
   571 | D:2      | Reached XP level 3. HP: 18/18 MP: 4/4
   641 | D:2      | Reached skill level 5 in Ranged Weapons
  1270 | D:2      | Reached XP level 4. HP: 23/23 MP: 5/5
  1492 | D:3      | Found a glowing drain.
  1501 | Sewer    | Entered a sewer
  1666 | Sewer    | Reached XP level 5. HP: 26/26 MP: 6/6
  1740 | Sewer    | Reached skill level 6 in Ranged Weapons
  2035 | D:3      | Found a faded altar of an unknown god.
  2048 | D:3      | Prayed at the altar of an unknown god.
  2048 | D:3      | Became a worshipper of Elyvilon the Healer
  2048 | D:3      | Reached * piety under Elyvilon
  2319 | D:4      | Reached XP level 6. HP: 30/30 MP: 7/7
  2426 | D:4      | Noticed Ijyb
  2868 | D:4      | Reached ** piety under Elyvilon
  2900 | D:4      | Reached skill level 7 in Ranged Weapons
  2986 | D:5      | Entered Level 5 of the Dungeon
  3050 | D:5      | Reached skill level 5 in Dodging
  3050 | D:5      | Reached XP level 7. HP: 32/35 MP: 8/8
  3163 | D:5      | Found a runed translucent door.
  3164 | D:5      | Noticed Crazy Yiuf
  3546 | D:5      | Found an iron altar of Okawaru.
  3591 | D:5      | Reached skill level 8 in Ranged Weapons
  3804 | D:5      | Killed Crazy Yiuf
  4139 | D:5      | Reached XP level 8. HP: 37/40 MP: 9/9
  4191 | D:6      | HP: 2/40 [ogre/+0 giant club (31)]
  4417 | D:5      | Reached skill level 9 in Ranged Weapons
  4538 | D:6      | Found a burning altar of Makhleb.
  4538 | D:6      | Noticed a cacodemon
  4541 | D:6      | Noticed a smoke demon
  4541 | D:6      | Noticed an orange demon
  4646 | D:6      | Noticed Sigmund
  4677 | D:6      | Killed Sigmund
  4678 | D:6      | Reached skill level 10 in Ranged Weapons
  4731 | D:6      | Found a stormy altar of Qazlal.
  4802 | D:6      | Reached *** piety under Elyvilon
  4832 | D:6      | Found a sparkling altar of Nemelex Xobeh.
  4933 | D:6      | Found a glowing golden altar of the Shining One.
  4934 | D:6      | Found a blossoming altar of Fedhas.
  5040 | D:6      | Reached XP level 9. HP: 45/45 MP: 10/10
  5272 | D:7      | Found a staircase to the Ecumenical Temple.
  5468 | D:7      | Reached skill level 11 in Ranged Weapons
  5665 | D:7      | Reached **** piety under Elyvilon
  6574 | D:8      | Noticed an orange demon
  6574 | D:8      | Noticed Amaemon
  6939 | D:9      | Noticed a troll
  7142 | D:8      | Reached skill level 12 in Ranged Weapons
  7238 | D:8      | Reached XP level 10. HP: 51/51 MP: 11/11
  7651 | Temple   | Entered the Ecumenical Temple
  7870 | D:9      | Reached skill level 5 in Fighting
  8082 | D:10     | Entered Level 10 of the Dungeon
  8258 | D:10     | Found a staircase to the Lair.
  8258 | D:10     | Noticed an oklob plant
  8352 | D:10     | Reached skill level 10 in Dodging
  8490 | D:10     | Reached ***** piety under Elyvilon
  8564 | D:10     | Noticed a white ugly thing
  8612 | D:10     | Killed a white ugly thing
  8613 | D:10     | Reached skill level 13 in Ranged Weapons
  9331 | D:10     | Reached XP level 11. HP: 50/56 MP: 12/12
  9686 | D:11     | Found a staircase to the Orcish Mines.
  9709 | D:12     | Noticed a tengu warrior
 10323 | Orc:1    | Entered Level 1 of the Orcish Mines
 10505 | D:12     | Noticed Fannar
 10633 | D:11     | Killed a tengu warrior
 10634 | D:11     | Reached skill level 14 in Ranged Weapons
 11006 | D:12     | Noticed a two-headed ogre
 11147 | D:12     | Killed a two-headed ogre
 11191 | D:12     | Found a transporter.
 11193 | D:12     | Found a bloodstained altar of Trog.
 11195 | D:12     | Noticed a two-headed ogre
 11195 | D:12     | Noticed RabbitInGlasses's ghost (journeyman MiBe)
 11201 | D:12     | Noticed a two-headed ogre
 11214 | D:12     | Noticed an ettin
 11355 | D:12     | Noticed a two-headed ogre
 11482 | Orc:2    | Entered Level 2 of the Orcish Mines
 11495 | Orc:2    | Found Dyr Kuh's Vocational Training.
 11613 | Orc:2    | Reached ****** piety under Elyvilon
 11634 | Orc:2    | Noticed an ettin
 11863 | Orc:1    | Noticed Nergalle
 11865 | Orc:1    | Noticed a spectral orc warlord
 12107 | D:11     | Killed an ettin
 12230 | Orc:2    | Noticed an orc high priest
 12983 | D:12     | Noticed an orc knight
 12994 | D:12     | Found a transporter.
 13240 | D:12     | Elyvilon protects you from harm!
 13246 | D:12     | Killed Fannar
 13856 | Orc:2    | Noticed a sixfirhy
 14019 | D:13     | Noticed a tengu warrior
 14046 | D:13     | Killed a tengu warrior
 14047 | D:13     | Reached XP level 12. HP: 65/65 MP: 13/13
 14091 | D:13     | Reached skill level 15 in Ranged Weapons
 14613 | D:13     | Noticed a two-headed ogre
 14652 | D:13     | Noticed a two-headed ogre
 14835 | Lair:1   | Entered Level 1 of the Lair of Beasts
 15512 | Lair:1   | Noticed Sonja
 15527 | Lair:1   | Killed Sonja
 15967 | Lair:2   | Found a dark tunnel.
 15986 | Volcano  | Entered a volcano
 16012 | Volcano  | Noticed a two-headed ogre
 16012 | Volcano  | Noticed a two-headed ogre
 16080 | Volcano  | Noticed a two-headed ogre
 16090 | Volcano  | Killed a two-headed ogre
 16173 | Volcano  | Killed a two-headed ogre
 16187 | Volcano  | Killed a two-headed ogre
 16207 | Volcano  | Reached skill level 1 in Armour
 16321 | Volcano  | Noticed a two-headed ogre
 16323 | Volcano  | Noticed an ogre mage
 16325 | Volcano  | Noticed a two-headed ogre
 16345 | Volcano  | Killed a two-headed ogre
 16346 | Volcano  | Reached skill level 1 in Invocations
 16391 | Volcano  | Killed a two-headed ogre
 16401 | Volcano  | Killed an ogre mage
 16650 | Lair:2   | Found a staircase to the Shoals.
 16762 | Lair:2   | Reached XP level 13. HP: 72/72 MP: 15/15
 16933 | Lair:2   | Reached skill level 10 in Fighting
 16933 | Lair:2   | Reached skill level 16 in Ranged Weapons
 17159 | Lair:2   | Found a hide-covered altar of Uskayaw.
 17163 | Lair:2   | Found an ornate altar of the Wu Jian Council.
 18383 | Lair:3   | Found a staircase to the Snake Pit.
 18995 | Lair:4   | Found a staircase to the Slime Pits.
 19523 | Lair:5   | Entered Level 5 of the Lair of Beasts
 19589 | Lair:5   | Reached skill level 17 in Ranged Weapons
 19673 | Lair:5   | Found a hide-covered altar of Uskayaw.
 20276 | Slime:1  | Entered Level 1 of the Pits of Slime
 20361 | Lair:5   | Reached skill level 15 in Dodging
 20410 | Lair:5   | Reached XP level 14. HP: 77/77 MP: 16/16
 21153 | Lair:5   | Found the ring of the Tortoise {AC+8}
 21812 | Lair:5   | Reached skill level 18 in Ranged Weapons
 22953 | D:13     | Identified the amulet of the Good {RegenMP *Slow Str+5}
 23222 | D:13     | Reached skill level 5 in Stealth
 23513 | D:13     | Found a gate to the Vaults.
 23870 | D:13     | Reached XP level 15. HP: 84/84 MP: 17/17
 23910 | D:13     | Identified the ring "Esadih" {Ice Str+3 SInv}
 24410 | Orc:2    | Found Pizue's Magic Scroll Boutique.
 24410 | Orc:2    | Found Mumeuxkuof's Magic Scroll Shoppe.
 24558 | Orc:2    | Found a staircase to the Elven Halls.
 24584 | Orc:2    | Found Tuoste's General Store.
 24711 | Orc:2    | Found Lujoycs's Antique Weapon Boutique.
 24711 | Orc:2    | Found Lipyggogh's Antique Weapon Shoppe.
 25000 | Orc:2    | Bought a runed shortbow for 198 gold pieces
 25272 | Elf:1    | Entered Level 1 of the Elven Halls
 25341 | Orc:1    | Killed Nergalle
 25603 | Elf:1    | Paralysed by an air elemental for 1 turns
 25609 | Elf:1    | Reached skill level 19 in Ranged Weapons
 25979 | Elf:1    | Found a runed translucent door.
 26081 | Elf:1    | Noticed Asterion
 26351 | Snake:1  | Entered Level 1 of the Snake Pit
 26351 | Snake:1  | Noticed Roxanne
 26397 | Snake:1  | Killed Roxanne
 26689 | Snake:1  | Reached skill level 5 in Armour
 27258 | Snake:1  | Identified the serpent talisman of Uskayaw's Supremacy
                  | {Dex+2}
 27258 | Snake:1  | Noticed Aizul
 27267 | Snake:1  | Killed Aizul
 27735 | Snake:2  | Reached XP level 16. HP: 59/90 MP: 18/18
 28043 | Snake:2  | Noticed Frances
 28506 | Snake:3  | Found Rioril's Jewellery Boutique.
 28510 | Snake:3  | Found Cafryf's General Store.
 28511 | Snake:3  | Found Hiw Feck's Assorted Antiques.
 28562 | Snake:3  | Bought the amulet "Nuacep" {Acrobat Fragile MP+9 Str-3
                  | Int+8} for 1094 gold pieces
 28562 | Snake:3  | Bought the ring "Qiygri" {rElec rN+ Dex-3 SInv} for 484
                  | gold pieces
 28622 | Snake:3  | Bought a runed arbalest for 225 gold pieces
 28637 | Snake:3  | Found a transporter.
 28838 | Snake:3  | Found a transporter.
 28877 | Snake:3  | Found Xodoiv's Antique Weapon Boutique.
 29415 | Snake:4  | Entered Level 4 of the Snake Pit
 29415 | Snake:4  | Noticed Nikola
 29577 | Snake:4  | Reached skill level 20 in Ranged Weapons
 31004 | Snake:4  | Elyvilon protects you from harm!
 31005 | Snake:4  | Killed Nikola
 32644 | Snake:4  | Noticed a quicksilver dragon
 32659 | Snake:4  | Killed a quicksilver dragon
 33024 | Snake:4  | Got a serpentine rune of Zot
 33200 | Shoals:1 | Entered Level 1 of the Shoals
 33494 | D:14     | Reached XP level 17. HP: 96/96 MP: 19/19
 33533 | D:14     | Found a glowing golden altar of the Shining One.
 33686 | D:14     | Reached skill level 1 in Evocations
 33700 | D:14     | Got the Discursus on White Blows
 34238 | D:14     | Noticed Agnes
 34249 | D:14     | HP: 3/97 [fire elemental[a deep elf pyromancer] (2)]
 34251 | D:14     | Elyvilon protects you from harm!
 34254 | D:14     | Elyvilon protects you from harm!
 34256 | D:14     | Slain by Agnes

Illustrated notes

Levels and vault maps discovered:
D:1:      dpeg_arrival_tiny_f, layout_rooms, serial_shops, shop
D:2:      minmay_chambers_of_twos, layout_basic
D:3:      layout_rooms, hellmonk_ecumenical_altar_run_dry, portal_sewer_entry_d,
          serial_curves, eino_curves_01, eino_curves_03, eino_curves_02,
          eino_curves_04, kennysheep_generic_room_10
D:4:      layout_cave_pools, uniq_ijyb
D:5:      layout_basic, kennysheep_mini, uniq_crazy_yiuf_cottage
D:6:      layout_cave_pools, nemelex_spade_bored_becter,
          makhleb_altar_promises_db, grunt_qazlal_clouds,
          mainiacjoe_overflow_divided_tiny, uniq_sigmund
D:7:      layout_basic, minmay_temple_entry_overgrown
D:8:      layout_basic, uniq_amaemon, uniq_erica
D:9:      layout_basic, nicolae_shop_self_help
D:10:     layout_roguey, dpeg_oklobed_lair
D:11:     layout_big_octagon, hiddenorc1_lemuel, due_unseen_surprise
D:12:     layout_cave_pools, gammafunk_ghost_wrathful_warriors, uniq_fannar
D:13:     lemuel_castle_with_subvaults [lemuel_castle_interior_original],
          layout_irregular_city, ximxim_vaults_locker_room, serial_bayou,
          serial_bayou_pond_a, serial_bayou_pond_e, serial_bayou_ford_a,
          serial_bayou_shore_b
D:14:     layout_basic, serial_shops, nicolae_shop_rolled_up, tso_metal_star,
          uniq_agnes
Temple:   minmay_temple_bridge_d
Lair:1:   layout_big_grid, uniq_sonja
Lair:2:   layout_long_grid, minmay_shoals_entry_centaurs, enter_volcano_2,
          minivault_24, nzn_masters_of_martial_movement
Lair:3:   layout_loops_ring, nicolae_snake_entry_squirm, worms_lemuel
Lair:4:   layout_cave_pods, slime_entry_2, lemuel_fruit_tree
Lair:5:   due_jungle_book, layout_loops_ring, basic_altar,
          bh_autumn_forest_stairs, nicolae_quartered_pool_super
Shoals:1: layout_shoals
Snake:1:  layout_misc_corridors, dpeg_stationary_puzzle, uniq_aizul
Snake:2:  layout_grid_shapes, nicolae_integral_box, uniq_frances
Snake:3:  gammafunk_its_a_trap, layout_cave_town, serial_shops,
          nicolae_shop_scrapyard, serial_library_hellmonk_angled_corner,
          serial_bayou_pond_c, minmay_shop_star
Snake:4:  hellmonk_snake_rune_quicksilver_temple, layout_cave_town,
          nicolae_large_snake_swirl, uniq_nikola
Slime:1:  layout_caves
Orc:1:    layout_diamond_mine, uniq_nergalle
Orc:2:    st_orc_town, layout_caves, serial_shops, shop, nicolae_shop_vocational
Elf:1:    minmay_elf_arrival_summoners, layout_loops_ring,
          ploomutoo_gammafunk_ghost_potion_laboratory, hangedman_elf_represent,
          nicolae_danse_macabre, uniq_asterion, uniq_kirke, uniq_louise,
          uniq_roxanne

Skill      XL: |  1  2  3  4  5  6  7  8  9 10 11 12 13 14 15 16 17 |
---------------+----------------------------------------------------+-----
Dodging        | 3 4 5 6 7 9 10 12 13 15 16 17 18 | 18.9
Ranged Weapons | 5 6 7 8 10 12 13 14 15 17 18 19 20 | 20.5
Fighting       | 2 3 4 6 8 9 10 11 12 13 14 | 14.0
Stealth        | 2 3 4 5 9 |  9.5
Armour         | 1 2 4 5 |  5.9
Invocations    | 1 2 |  2.1
Evocations     | 1 |  1.1

Action                     |  1- 3 |  4- 6 |  7- 9 | 10-12 | 13-15 | 16-18 || total
---------------------------+-------+-------+-------+-------+-------+-------++-------
   Fire: Shortbow          |   124 |   246 |   545 |  1516 |       |       ||  2431
         Hand cannon       |       |       |       |    32 |   678 |       ||   710
         Arbalest          |       |       |       |       |   555 |   514 ||  1069
  Throw: Throwing net      |       |       |       |     2 |       |     1 ||     3
 Invoke: Purification      |       |     1 |       |       |       |       ||     1
         Heal Self         |       |       |       |     9 |       |    10 ||    19
  Evoke: Wand              |       |       |       |     6 |       |     3 ||     9
    Use: Scroll            |       |     6 |       |    19 |     3 |     2 ||    30
         Potion            |       |       |       |     1 |       |       ||     1
 Armour: Robe              |    22 |     9 |    61 |   121 |       |       ||   213
         Steam dragon scal |       |       |       |    12 |       |       ||    12
         Acid dragon scale |       |       |       |    48 |   148 |    37 ||   233
         Quicksilver drago |       |       |       |       |    88 |   137 ||   225
  Dodge: Dodged            |    49 |    37 |   199 |   823 |   766 |   296 ||  2170

Table legend: (Time is in decaauts)
 A = Elapsed time spent in this place.
 B = Non-inter-level travel time spent in this place.
 C = Inter-level travel time spent in this place.
 D = Time resting spent in this place.
 E = Time spent auto-exploring this place.
 F = Levels seen in this place.
 G = Mean time per level.
                   A        B        C        D        E       F      G
               +--------+--------+--------+--------+--------+-----+--------+
         Total |  26743 |  24768 |   1975 |   3202 |  14834 |  31 |  862.7 |
       Dungeon |  12467 |  11153 |   1314 |   1261 |   6413 |  14 |  890.5 |
        Temple |      1 |      1 |      0 |      0 |      0 |   1 |    1.0 |
          Lair |   5444 |   5126 |    318 |    285 |   3725 |   5 | 1088.8 |
        Shoals |    124 |    124 |      0 |      0 |     90 |   1 |  124.0 |
     Snake Pit |   5638 |   5434 |    204 |   1049 |   3344 |   4 | 1409.5 |
    Slime Pits |      1 |      1 |      0 |      0 |      0 |   1 |    1.0 |
  Orcish Mines |   2014 |   1877 |    137 |    569 |    719 |   2 | 1007.0 |
   Elven Halls |    285 |    285 |      0 |      0 |    160 |   1 |  285.0 |
         Sewer |    289 |    289 |      0 |      0 |    114 |   1 |  289.0 |
       Volcano |    476 |    476 |      0 |     38 |    266 |   1 |  476.0 |
               +--------+--------+--------+--------+--------+-----+--------+

Top non-repeatable levels by time:
 Snake:4: 3067 daAuts
  Lair:5: 2114 daAuts
    D:10: 2048 daAuts
    D:13: 1594 daAuts
    D:11: 1326 daAuts
     D:5: 1140 daAuts
    D:12: 1124 daAuts
  Lair:3: 1083 daAuts
   Orc:2: 1053 daAuts
 Snake:3: 964 daAuts
   Orc:1: 960 daAuts
 Snake:1: 939 daAuts
  Lair:4: 812 daAuts
     D:7: 784 daAuts
  Lair:1: 746 daAuts
